 Dungeon Crawl Stone Soup version 0.29.1-2-gbd0b4ee654 (webtiles) character file.

Game seed: 1002107611217933727

288 GorkyZ the Magician (level 6, -2/28 HPs)
             Began as a Spriggan Conjurer on Nov 14, 2022.
             Slain by a black bear (11 damage)
             ... on level 4 of the Dungeon.
             The game lasted 00:34:50 (6414 turns).

GorkyZ the Magician (Spriggan Conjurer)             Turns: 6414, Time: 00:34:51

Health: -2/28      AC:  2    Str:  3    XL:     6   Next: 9%
Magic:  7/15       EV: 17    Int: 21    God:
Gold:   175        SH:  0    Dex: 14    Spells: 10/15 levels left

rFire   . . .      SeeInvis +   g - +2 dagger (holy)
rCold   . . .      Faith    .   (no shield)
rNeg    . . .      Spirit   .   a - +0 robe
rPois   .          Reflect  .   (helmet restricted)
rElec   .          Harm     .   (no cloak)
rCorr   .          Rampage  .   (gloves unavailable)
Will    +....                   (boots unavailable)
Stlth   ++........              (no amulet)
HPRegen 0.09/turn               (no ring)
MPRegen 0.14/turn               (no ring)

@: very quick
A: very small, no large weapons, unfitting armour, see invisible, speed 3
a: no special abilities


You were on level 4 of the Dungeon.
You visited 1 branch of the dungeon, and saw 4 of its levels.

You collected 175 gold pieces.

Inventory:

Hand Weapons
 g - a +2 dagger of holy wrath (weapon)
 p - a +0 dagger of speed
Armour
 a - a +0 robe (worn)
Jewellery
 k - an amulet of faith
 n - an amulet of faith
Scrolls
 c - 2 scrolls of amnesia {unknown}
 d - a scroll of summoning {unknown}
 e - 3 scrolls of brand weapon {unknown}
 f - a scroll of fear {unknown}
 l - a scroll of teleportation {unknown}
 q - a scroll of fog {unknown}
 s - a scroll of enchant weapon {unknown}
 u - 3 scrolls of blinking {unknown}
 v - a scroll of identify {unknown}
Potions
 b - a potion of magic
 h - a potion of cancellation {unknown}
 i - 2 potions of flight {unknown}
 j - 2 potions of heal wounds {unknown}
 m - 2 potions of brilliance {unknown}
 o - a potion of haste {unknown}
 r - 2 potions of curing {unknown}
 t - a potion of ambrosia {unknown}


   Skills:
 - Level 0.1 Fighting
 + Level 3.4 Dodging
 - Level 3.0 Stealth
 + Level 5.3 Spellcasting
 - Level 4.0 Conjurations
 * Level 1.2 Summonings
 * Level 1.1 Ice Magic


You had 10 spell levels left.
You knew the following spells:

 Your Spells              Type           Power      Damage    Failure   Level
a - Magic Dart            Conj           88%        1d7       1%          1
b - Summon Ice Beast      Ice/Summ       10%        N/A       54%         4

Your spell library contained the following spells:

 Spells                   Type           Power      Damage    Failure   Level
 Searing Ray              Conj           44%        2d6       3%          2
 Ensorcelled Hibernation  Hex/Ice        16%        N/A       12%         2
 Dazzling Flash           Conj/Hex       28%        N/A       14%         3
 Blink                    Tloc           10%        N/A       16%         2
 Fulminant Prism          Conj/Hex       7%         3d7       41%         4
 Iskenderun's Mystic Bla  Conj/Tloc      14%        2d5       41%         4
 Ice Form                 Ice/Tmut       8%         N/A       63%         4
 Malign Gateway           Summ/Tloc      4%         N/A       100%        7


Dungeon Overview and Level Annotations

Branches:
Dungeon (4/15)
 Temple: D:4-7

Altars:
Gozag
Yredelemnul
Zin


Innate Abilities, Weirdness & Mutations

You are very small and have problems with some larger weapons.
You are too small for most types of armour.
You have supernaturally acute eyesight. (SInv)
You cover ground extremely quickly. (Speed+++)


Message History

Aiming: Magic Dart (safe; 1% risk of failure)
Press: ? - help, Q - select action Shift-Dir - straight line, f/p - black bear
Aim: a black bear (heavily wounded, 100% to hit)
The magic dart hits the black bear.
The black bear is severely wounded.
Aiming: Magic Dart (safe; 1% risk of failure)
Press: ? - help, Q - select action Shift-Dir - straight line, f/p - black bear
Aim: a black bear (severely wounded, 100% to hit)
The magic dart hits the black bear.
The black bear is almost dead.
The black bear goes berserk!
Aiming: Magic Dart (safe; 1% risk of failure)
Press: ? - help, Q - select action Shift-Dir - straight line, f/p - black bear
Aim: a black bear (almost dead, berserk, 100% to hit)
The magic dart hits the black bear but does no damage.
The black bear is almost dead.
Aiming: Magic Dart (safe; 1% risk of failure)
Press: ? - help, Q - select action Shift-Dir - straight line, f/p - black bear
Aim: a black bear (almost dead, berserk, 100% to hit)
The magic dart hits the black bear.
The black bear is almost dead.
The black bear completely misses you. The black bear barely misses you.
The black bear claws you.
Casting: Magic Dart (safe; 1% risk of failure)
Confirm with . or Enter, or press ? or * to list all spells.
Aiming: Magic Dart (safe; 1% risk of failure)
Press: ? - help, Shift-Dir - straight line, f/p - black bear
Aim: a black bear (almost dead, berserk, 100% to hit)
The magic dart hits the black bear.
The black bear is almost dead.
The black bear bites you! The black bear misses you.
The black bear claws you but does no damage.
The black bear barely misses you.
The black bear claws you but does no damage.
The black bear claws you.
The black bear rages.
The black bear closely misses you. The black bear misses you.
The black bear claws you. The black bear bites you!
You die...

#....h.......#.#.#####
#.######.#####.#.....###
#.# #.......#..#.....
#h# #########..######
#.# #####...# #........
#.# #.....#.####.#######
#.# #.....#+#.†...#.....
#>###.........##..#.###.
#......@......#####.# #.
########h...........# #.
#####.......###### #.
#...'...........####.
#.###................
#.)..................
##########...........
#...........
#...........


You could see a black bear (berserk).

Vanquished Creatures
  A scorpion (D:4)
  Jessica (D:2)
  An orc wizard (D:3)
  5 adders
  2 worms
  6 dart slugs
  8 orcs
  6 bats
  8 endoplasms
  18 giant cockroaches
  9 goblins
  3 hobgoblins
  3 jackals (D:2)
  5 quokkas
  10 ball pythons
  3 frilled lizards
  7 kobolds
  6 rats
102 creatures vanquished.

Notes
Turn   | Place    | Note
-------+----------+-------------------------------------------
     0 | D:1      | GorkyZ the Spriggan Conjurer began the quest for the Orb.
     0 | D:1      | Reached XP level 1. HP: 9/9 MP: 5/5
   356 | D:1      | Reached XP level 2. HP: 2/13 MP: 0/6
  2005 | D:2      | Noticed Jessica
  2021 | D:2      | Killed Jessica
  2022 | D:2      | Reached skill level 3 in Spellcasting
  2022 | D:2      | Reached XP level 3. HP: 16/16 MP: 2/8
  2704 | D:2      | Reached XP level 4. HP: 21/21 MP: 8/10
  2708 | D:2      | Got the Atlas of the Wintry Wayfarer
  2715 | D:2      | Learned a level 4 spell: Summon Ice Beast
  3244 | D:2      | Found a faded altar of an unknown god.
  3706 | D:2      | Reached skill level 4 in Spellcasting
  4325 | D:3      | Reached XP level 5. HP: 24/24 MP: 5/12
  4472 | D:3      | Found a basalt altar of Yredelemnul.
  4862 | D:3      | Found an opulent altar of Gozag.
  5419 | D:3      | Found a glowing silver altar of Zin.
  5764 | D:4      | Reached skill level 5 in Spellcasting
  6014 | D:4      | Reached skill level 1 in Summonings
  6150 | D:4      | Reached skill level 1 in Ice Magic
  6150 | D:4      | Reached XP level 6. HP: 28/28 MP: 8/15
  6414 | D:4      | Slain by a black bear

Illustrated notes

Levels and vault maps discovered:
D:1:      matt_arrival_diagonals, layout_basic, st_stairs_4
D:2:      minmay_angry_zag, layout_loops_cross,
          hellmonk_ecumenical_altar_slurped_away, st_stairs_10,
          minmay_pentomino_pile, uniq_jessica
D:3:      minmay_roachtagon, layout_rooms, mainiacjoe_overflow_alcove_4,
          mainiacjoe_overflow_big_doors
D:4:      layout_basic

Skill      XL: |  1  2  3  4  5 |
---------------+----------------+-----
Conjurations   | 3 4 |  4.0
Dodging        | 3 |  3.4
Spellcasting   | 3 4 5 |  5.3
Summonings     | 1 |  1.2
Ice Magic      | 1 |  1.1
Fighting       | |  0.1
Stealth        | |  3.0

Action                   |  1- 3 |  4- 6 || total
-------------------------+-------+-------++-------
Melee: Unarmed           |     1 |       ||     1
       Dagger            |       |    11 ||    11
 Cast: Magic Dart        |    84 |   201 ||   285
Armor: Robe              |     3 |    10 ||    13
Dodge: Dodged            |    37 |    58 ||    95
